 Dungeon Crawl Stone Soup version 0.23.0-2-g0fe3ce5 (console) character file.

Game seed: 12985888780295506419

36 bli the Skirmisher (level 3, -3/30 HPs)
             Began as a Formicid Abyssal Knight on Feb 19, 2019.
             Was a Follower of Lugonu.
             Killed from afar by an orc wizard (7 damage)
             ... with a magic dart
             ... on level 3 of the Dungeon.
             The game lasted 00:03:52 (884 turns).

bli the Skirmisher (Formicid Abyssal Knight)         Turns: 884, Time: 00:03:53

Health: -3/30      AC:  4    Str: 16    XL:     3   Next: 57%
Magic:  4/4        EV: 11    Int: 11    God:    Lugonu [*.....]
Gold:   129        SH:  0    Dex: 11    Spells: 2/2 levels left

rFire    . . .     SeeInvis +   a - +1 spear
rCold    . . .     Gourm    .   (no shield)
rNeg     + . .     Faith    .   b - +0 leather armour
rPois    .         Spirit   .   (helmet unavailable)
rElec    .         Reflect  .   (no cloak)
rCorr    .         Harm     .   (no gloves)
MR       .....                  r - +0 pair of boots
Stlth    ++........             (no amulet)
HPRegen  0.10/turn              j - ring of stealth
MPRegen  0.09/turn              o - ring of positive energy

@: no status effects
A: permanent stasis, dig shafts and tunnels, four strong arms, antennae 3
a: Dig, Shaft Self, Depart the Abyss, Renounce Religion


You were on level 3 of the Dungeon.
You worshipped Lugonu.
Lugonu was aware of your devotion.
You were not hungry.

You visited 1 branch of the dungeon, and saw 3 of its levels.
You visited the Abyss 1 time.

You collected 129 gold pieces.

Inventory:

Hand Weapons
 a - a +1 spear (weapon)
Missiles
 f - 16 sling bullets
 i - 27 stones (quivered)
Armour
 b - a +0 leather armour (worn)
 r - a +0 pair of boots (worn)
Jewellery
 j - a ring of stealth (left hand)
 o - a ring of positive energy (right hand)
Scrolls
 d - 2 scrolls of teleportation {unknown}
 e - a scroll of holy word {unknown}
 h - a scroll of blinking {unknown}
 n - a scroll of magic mapping {unknown}
Potions
 g - a potion of cancellation {unknown}
 k - a potion of haste {unknown}
 l - a potion of curing {unknown}
 m - a potion of heal wounds {unknown}
 p - a potion of invisibility {unknown}
 q - a potion of flight {unknown}
 s - a potion of brilliance {unknown}
Comestibles
 c - 4 rations
 t - 2 chunks of flesh


   Skills:
 + Level 3.9 Fighting
 + Level 2.2 Polearms
 + Level 2.5 Armour
 + Level 1.3 Dodging
 + Level 0.3 Stealth
 + Level 2.4 Invocations


You had 2 spell levels left.
You didn't know any spells.
Your spell library contained the following spells:

 Spells                   Type           Power        Failure   Level  Hunger
 Corona                   Hex            #......      38%         1    ##.....
 Ensorcelled Hibernation  Hex/Ice        #.....       54%         2    ###....
 Confuse                  Hex            #.......     77%         3    ####...
 Dazzling Spray           Conj/Hex       #.....       77%         3    ####...
 Tukima's Dance           Hex            #.......     77%         3    ####...


Dungeon Overview and Level Annotations

Branches:
Dungeon (2/15)

Altars:


Innate Abilities, Weirdness & Mutations

You cannot be hasted, slowed, berserked, paralysed or teleported.
You can dig through walls and to a lower floor.
Your four strong arms can wield two-handed weapons with a shield.
You have a pair of large antennae on your head. (SInv)


Message History

The orc priest invokes the aid of Beogh against you.
Beogh smites you!
* * * LOW HITPOINT WARNING * * *
You hit the orc.
The orc is lightly wounded.
The quokka closely misses you.
The quokka bites you but does no damage.
You barely miss the quokka. The orc completely misses you.
The quokka bites you.
* * * LOW HITPOINT WARNING * * *
The orc priest mumbles some strange prayers to Beogh against you.
Pain shoots through your body!
* * * LOW HITPOINT WARNING * * *
You closely miss the orc priest. The orc hits you but does no damage.
The quokka barely misses you.
You barely miss the orc priest.
An orc comes into view. It is wielding a +0 club.
The quokka closely misses you. The orc closely misses you.
The orc priest looks braver for a moment.
The orc wizard gestures at you while chanting.
The magic dart hits you!
You die...

...g....o.... .....%{o.s..
........o.....
............# { ...[
.o.....#
.....+......############
.....#.#######..........
......'s.................
......#.o.....#รท......###
####+##oro....#.......#
#o@o....#.......#
#.......#.......#
#.......#.......#
#.......#..........
#.......#+#........
#..................
####.##.....####### ...
.....# .#. .#.... . . ...


You could see 2 orc priests, an orc wizard (invisible), 3 orcs, a quokka and a
giant cockroach.

Vanquished Creatures
  An adder (D:3)
  A dart slug (D:1)
  A leopard gecko (D:2)
  3 bats
  4 goblins
  3 hobgoblins (D:1)
  4 kobolds (D:1)
  4 frilled lizards (D:1)
  2 rats (D:1)
23 creatures vanquished.

Vanquished Creatures (others)
  4 starspawn tentacles (Abyss:2)
4 creatures vanquished.

Grand Total: 27 creatures vanquished

Notes
Turn   | Place    | Note
-------+----------+-------------------------------------------
     0 | Abyss:1  | bli the Formicid Abyssal Knight began the quest for the
                  | Orb.
     0 | Abyss:1  | Reached XP level 1. HP: 18/18 MP: 2/2
    73 | Abyss:2  | Noticed a ynoxinul
    88 | Abyss:2  | Noticed a tentacled starspawn
   103 | Abyss:2  | Noticed a small abomination
   107 | D:1      | Escaped the Abyss
   149 | D:1      | Reached XP level 2. HP: 18/24 MP: 3/3
   172 | D:1      | Reached * piety under Lugonu
   519 | D:1      | Reached skill level 1 in Dodging
   523 | D:1      | Reached XP level 3. HP: 17/30 MP: 4/4
   797 | D:2      | You fall through a shaft!
   884 | D:3      | Killed from afar by an orc wizard

Skill      XL: |  1  2 |
---------------+-------+-----
Dodging        | 1 |  1.3
Fighting       | |  3.9
Polearms       | |  2.2
Armour         | |  2.5
Stealth        | |  0.3
Invocations    | |  2.4

Action                   || total
-------------------------++-------
Melee: Spear             ||    84
Invok: Depart the Abyss  ||     1
 Abil: Dig               ||     1
 Stab: Sleeping          ||     3
Armor: Leather armour    ||    20
Dodge: Dodged            ||    40
